 Dungeon Crawl Stone Soup version 0.21-a0-78-g82a99e0 (webtiles) character file.

92 KristoblXynda the Shield-Bearer (level 4, -5/38 HPs)
             Began as a Draconian Fighter on June 21, 2017.
             Slain by KristoblXynda's ghost (16 damage)
             ... on level 3 of the Dungeon.
             The game lasted 00:02:55 (1535 turns).

KristoblXynda the Shield-Bearer (Draconian Fighter) Turns: 1535, Time: 00:02:56

Health: -5/38      AC:  5    Str: 19    XL:     4   Next: 35%
Magic:  4/4        EV: 10    Int:  9    God:
Gold:   74         SH:  9    Dex: 10    Spells: 3/3 levels left

rFire    . . .     SeeInvis .   a - +0 long sword
rCold    . . .     Gourm    .   b - +0 shield
rNeg     . . .     Faith    .   (armour unavailable)
rPois    .         Spirit   .   (helmet restricted)
rElec    .         Reflect  .   (no cloak)
rCorr    .         Harm     .   (no gloves)
MR       .....                  (no boots)
Stlth    +.........             (no amulet)
HPRegen  0.12/turn              (no ring)
MPRegen  0.09/turn              (no ring)

@: no status effects
A: unfitting armour, cold-blooded, AC +5
a: no special abilities


You were on level 3 of the Dungeon.
You were hungry.

You visited 1 branch of the dungeon, and saw 3 of its levels.

You collected 74 gold pieces.

Inventory:

Hand Weapons
 a - a +0 long sword (weapon)
Armour
 b - a +0 shield (worn)
Jewellery
 p - a +3 ring of protection {unknown}
Scrolls
 e - a scroll of noise {unknown}
 g - 4 scrolls of identify {unknown}
 l - a scroll of fear {unknown}
 m - 5 scrolls of remove curse {unknown}
 r - a scroll of teleportation {unknown}
 s - a scroll of magic mapping {unknown}
Potions
 c - a potion of might
 j - a potion of heal wounds {unknown}
 k - a potion of resistance {unknown}
 n - a potion of ambrosia {unknown}
 t - a potion of haste {unknown}
Comestibles
 d - a bread ration
 f - 3 royal jellies
 h - a meat ration
 o - 3 fruits
 q - a chunk of flesh


   Skills:
 - Level 3.2 Fighting
 * Level 3.5 Long Blades
 + Level 3.1 Dodging
 + Level 3.8 Shields


You had 3 spell levels left.
You didn't know any spells.

Dungeon Overview and Level Annotations

Branches:
Dungeon (3/15)

Altars:
Hepliaklqana

Annotations:
D:3 KristoblXynda's ghost, amateur DrFi


Innate Abilities, Weirdness & Mutations

Your plain brown scales are hard. (AC +5)
You cannot fit into any form of body armour.
You are cold-blooded and may be slowed by cold attacks.


Message History

KristoblXynda's ghost is heavily damaged.
KristoblXynda's ghost hits you.
KristoblXynda's ghost hits you but does no damage.
You closely miss KristoblXynda's ghost.
KristoblXynda's ghost is heavily damaged.
KristoblXynda's ghost hits you!
You hit KristoblXynda's ghost but do no damage.
KristoblXynda's ghost is heavily damaged.
You block KristoblXynda's ghost's attack.
You barely miss KristoblXynda's ghost.
KristoblXynda's ghost is heavily damaged.
KristoblXynda's ghost barely misses you.
KristoblXynda's ghost hits you!
* * * LOW HITPOINT WARNING * * *
You feel better.
You are feeling hungry.
KristoblXynda's ghost hits you!
* * * LOW HITPOINT WARNING * * *
You feel better. KristoblXynda's ghost hits you!
You die...

#.# #..≈.≈.≈##)# #.#
#..≈≈≈≈≈##.# #.
#≈≈≈g≈≈≈##.# # #.
####'#####.# . #. ..
##># #.# ..r
#.###.####.# #.#
....#..?#....#.# #.#
_.....#(##.#... #.#
#...W@.#.######## #.#
#...##..........# #.#
#...##..........# #.#
#...##..........#.#.#
.................>>#.#
#.#..###..........###.#
...##. ###.######## #.#
## .. #.# #.#
#.##########.#


You could see KristoblXynda's ghost.

Vanquished Creatures
  2 adders (D:2)
  A worm (D:2)
  A dart slug (D:1)
  2 leopard geckos
  3 giant cockroaches
  4 hobgoblins
  8 jackals
  7 bats
  6 frilled lizards
  11 goblins
  10 kobolds
  11 rats
  A plant (D:1)
67 creatures vanquished.

Notes
Turn   | Place    | Note
-------+----------+-------------------------------------------
     0 | D:1      | KristoblXynda the Draconian Fighter began the quest for the Orb.
     0 | D:1      | Reached XP level 1. HP: 19/19 MP: 1/1
    22 | D:1      | Reached XP level 2. HP: 3/26 MP: 2/2
   741 | D:2      | Reached XP level 3. HP: 31/31 MP: 3/3
  1032 | D:2      | Reached XP level 4. HP: 32/38 MP: 4/4
  1515 | D:3      | Noticed KristoblXynda's ghost (amateur DrFi)
  1518 | D:3      | Found a hazy altar of Hepliaklqana.
  1535 | D:3      | Slain by KristoblXynda's ghost

Vault maps used:
D:1:      erik_arrival_blinker_ship, lexackson_kobold_supper
D:3:      old_standard_altar, nicolae_overflow_crystal_walls,
          grunt_temple_overflow_open, lemuel_crystal_altar, dk_noncrumbling_4,
          minmay_goblin_outpost, uniq_sigmund, uniq_robin

Skill      XL: |  1  2  3 |
---------------+----------+-----
Long Blades    | 3 |  3.5
Dodging        | 3 |  3.1
Fighting       | |  3.2
Shields        | |  3.8

Action                   |  1- 3 |  4- 6 || total
-------------------------+-------+-------++-------
Melee: Long sword        |   126 |    53 ||   179
       Tailslap          |    18 |     7 ||    25
  Use: Potion            |       |     3 ||     3
 Stab: Sleeping          |     1 |       ||     1
  Eat: Chunk             |     1 |     1 ||     2
Armor: Skin              |    29 |    14 ||    43
Dodge: Dodged            |    47 |    22 ||    69
Block: Shield            |    65 |    33 ||    98
       Rpst.: Long sword |    14 |     9 ||    23
